 Dungeon Crawl Stone Soup version 0.27-a0-1185-ga233589e6f (webtiles) character file.

Game seed: 10752620714120041547

114 Froggeryz the Chiller (level 4, -1/49 HPs)
             Began as a Draconian Ice Elementalist on May 19, 2021.
             Slain by an ogre
             ... wielding a +0 giant spiked club
              (3 damage)
             ... on level 4 of the Dungeon.
             The game lasted 00:04:35 (4434 turns).

Froggeryz the Chiller (Draconian Ice Elementalist)  Turns: 4434, Time: 00:04:36

Health: -1/49      AC: 22    Str: 16    XL:     4   Next: 67%
Magic:  7/7        EV:  2    Int: 17    God:
Gold:   98         SH:  0    Dex: 11    Spells: 6/7 levels left

rFire    . . .     SeeInvis .   (no weapon)
rCold    . . .     Faith    .   (no shield)
rNeg     + + +     Spirit   .   (armour unavailable)
rPois    +         Reflect  .   (helmet currently unavailable)
rElec    .         Harm     .   (cloak currently unavailable)
rCorr    .         Rampage  .   (gloves currently unavailable)
Will     .....     NoTele   +   (boots currently unavailable)
Stlth    ++........             (no amulet)
HPRegen  0.16/turn              c - +6 ring of strength
MPRegen  0.10/turn              (no ring)

@: mighty, tree-form
A: stationary, stasis, torment immunity, boosted hp, AC +5, unfitting armour,
(cold-blooded)
a: no special abilities


You were on level 4 of the Dungeon.
You were a tree.
You visited 1 branch of the dungeon, and saw 5 of its levels.

You collected 98 gold pieces.

Inventory:

Missiles
 f - 7 poisoned darts (quivered)
Armour
 a - a +0 pair of gloves (melded)
 d - a +0 cloak (melded)
Jewellery
 c - a +6 ring of strength (left branch)
Scrolls
 e - a scroll of immolation
 g - a scroll of identify


   Skills:
 + Level 3.4 Dodging
 - Level 1.7 Stealth
 - Level 2.0 Spellcasting
 + Level 5.1 Ice Magic


You had 6 spell levels left.
You knew the following spells:

 Your Spells              Type           Power      Damage    Failure   Level
a - Freeze                Ice            76%        1d9       2%          1

Your spell library contained the following spells:

 Spells                   Type           Power      Damage    Failure   Level
 Frozen Ramparts          Ice            38%        1d5       7%          3
 Ozocubu's Armour         Ice            19%        N/A       7%          3
 Hailstorm                Conj/Ice       10%        3d5       54%         4
 Metabolic Englaciation   Hex/Ice        5%         N/A       88%         5


Dungeon Overview and Level Annotations

Branches:
Dungeon (5/15)
 Temple: D:4-7

Altars:

Annotations:
D:5 1 runed translucent door, Blork the orc


Innate Abilities, Weirdness & Mutations

You are a tree.
Your roots penetrate the ground, keeping you stationary.
You cannot be teleported.
You are immune to unholy pain and torment.
Your maximum health is greatly increased.
Your equipment is partially melded.
((Your plain brown scales are hard. (AC +5)))
You cannot fit into any form of body armour.
((You are cold-blooded and may be slowed by cold attacks.))


Message History

There is an open door here.
There is an open door here.
There is an open door here.
There is a stone staircase leading up here.
There is a stone staircase leading up here.
Done exploring.
Done exploring.
Done exploring.
There is a stone staircase leading up here.
There is a stone staircase leading up here.
There is a stone staircase leading down here.
You climb downwards.
The ogre hits you with a +0 giant spiked club!!
Ouch! That really hurt!
* * * LOW HITPOINT WARNING * * *
There is a stone staircase leading up, spattered with blood here.
Okay, then.
Okay, then.
As you read the scroll labelled ZYATUF AZAXE, it crumbles to dust.
You hear a loud clanging noise!
It was a scroll of noise.
The ogre barely misses you.
It was a potion of might.
You feel very mighty all of a sudden. The ogre barely misses you.
Really quaff the potion of lignification?
You turn into a tree.
Your +0 cloak melds into your body.
Your +0 pair of gloves melds into your body.
Your roots penetrate the ground.
The ogre hits you with a +0 giant spiked club!
* * * LOW HITPOINT WARNING * * *
You smack the ogre!
The ogre is moderately wounded.
You smack the ogre!
The ogre is severely wounded.
The ogre hits you with a +0 giant spiked club.
* * * LOW HITPOINT WARNING * * *
You smack the ogre!
The ogre is almost dead.
The ogre hits you with a +0 giant spiked club.
You die...

#....# #...###
####
#.....###.....
#.............
##.....>.......
##..............
###..........###..
###...O....#####
#......♣..##
.........##
..........#
..........#
.....###... .....
##.!# .... #..
.... ...


You could see an ogre.

Vanquished Creatures
  A gnoll shaman (D:3)
  An adder (D:2)
  A gnoll (D:3)
  A worm (D:3)
  A dart slug (D:2)
  5 orcs (D:3)
  4 bats
  5 endoplasms
  3 giant cockroaches (D:3)
  4 goblins
  4 hobgoblins
  6 jackals
  A quokka (D:5)
  5 ball pythons
  3 frilled lizards
  8 kobolds
  4 rats
57 creatures vanquished.

Notes
Turn   | Place    | Note
-------+----------+-------------------------------------------
     0 | D:1      | Froggeryz the Draconian Ice Elementalist began the quest
                  | for the Orb.
     0 | D:1      | Reached XP level 1. HP: 14/14 MP: 3/3
   347 | D:1      | Reached XP level 2. HP: 20/20 MP: 1/5
  1042 | D:1      | Found a faded altar of an unknown god.
  1915 | D:2      | Reached XP level 3. HP: 26/26 MP: 0/6
  3192 | D:3      | You fall into a shaft and drop 2 floors!
  3192 | D:5      | Entered Level 5 of the Dungeon
  3193 | D:5      | Noticed a wraith
  3213 | D:5      | Noticed an ogre
  3217 | D:5      | Noticed a phantom
  3221 | D:5      | Found a runed translucent door.
  3223 | D:5      | Noticed Blork the orc
  3229 | D:4      | Noticed an ogre
  3512 | D:3      | Reached XP level 4. HP: 20/33 MP: 0/7
  4161 | D:3      | Reached skill level 5 in Ice Magic
  4433 | D:4      | HP: 2/49 [ogre/+0 giant spiked club (3)]
  4434 | D:4      | Slain by an ogre

Illustrated notes

Levels and vault maps discovered:
D:1:      dpeg_arrival_rooms_a, layout_basic,
          hellmonk_ecumenical_altar_dog_temple, hex_intersection
D:2:      layout_basic
D:3:      layout_loops_corners, minmay_increasing_density
D:4:      layout_layer_cave
D:5:      minmay_clustersquares, layout_cave_pools,
          lemuel_coloured_pillars_altar, serial_rivers,
          chequers_serial_rivers_micro_a, chequers_serial_rivers_small_b,
          chequers_serial_rivers_micro_a, chequers_serial_rivers_small_b,
          chequers_serial_rivers_micro_a, gup_sewer_entry_bubbles,
          ebering_ghost_sewer_d, hangedman_feature_mirror, uniq_blork_the_orc,
          uniq_crazy_yiuf_cottage, uniq_ijyb

Skill      XL: |  1  2  3  4 |
---------------+-------------+-----
Dodging        | 2 3 |  3.4
Ice Magic      | 5 |  5.1
Stealth        | |  1.7
Spellcasting   | |  2.0

Action                   |  1- 3 |  4- 6 || total
-------------------------+-------+-------++-------
Melee: Unarmed           |   130 |    16 ||   146
       Tailslap          |    13 |     3 ||    16
Throw: Dart              |       |    13 ||    13
 Cast: Freeze            |    44 |    13 ||    57
  Use: Scroll            |     5 |     1 ||     6
       Potion            |       |     2 ||     2
 Stab: Sleeping          |     5 |       ||     5
Armor: Skin              |    52 |    11 ||    63
Dodge: Dodged            |    92 |     9 ||   101

Table legend: (Time is in decaauts)
 A = Elapsed time spent in this place.
 B = Non-inter-level travel time spent in this place.
 C = Inter-level travel time spent in this place.
 D = Time resting spent in this place.
 E = Time spent auto-exploring this place.
 F = Levels seen in this place.
 G = Mean time per level.
                   A        B        C        D        E       F      G
               +--------+--------+--------+--------+--------+-----+--------+
         Total |   4438 |   4354 |     84 |    498 |   3308 |   5 |  887.6 |
       Dungeon |   4438 |   4354 |     84 |    498 |   3308 |   5 |  887.6 |
               +--------+--------+--------+--------+--------+-----+--------+

Top non-repeatable levels by time:
     D:3: 1958 daAuts
     D:1: 1496 daAuts
     D:2: 933 daAuts
     D:5: 36 daAuts
     D:4: 13 daAuts
